AoeStats
← a.l.a.n.t

MegaRandom

505333132Analyzed
4v4 RM · 23d ago on Sep 8, 2026· 44m 43s· 8 players
Game mode
Random Map
Map size
Large (8 player)
Population
200
Speed
Normal
Resources
Standard
Victory
Conquest
Starting age
Dark Age
Ending age
Imperial Age
RankedLock teamsTeams togetherTeam positionsShared explorationLock speedFull tech treeHidden civsTurbo modeCheats
Victory
Defeat
🇺🇸 Khmer · United States
1323
+15
🇬🇧 Italians · United Kingdom
1309
+16
🇨🇴 Muisca · Colombia
1284
+17
🇨🇦 Bengalis · Canada
1228
+19
🇦🇷 Mongols · Argentina
1371
-20
🇦🇷 Franks · Argentina
1313
-17
🇩🇪 Vietnamese · Germany
1283
-16
🇦🇷 Persians · Argentina
1228
-14
Noobmaster69
9:58 Loom
12:43 Feudal Age
13:24 Double-Bit Axe
16:38 Fletching
20:57 Town Watch
24:23 Castle Age
23:05 Padded Archer Armor
24:12 Scale Mail Armor
23:48 Champi Runner
24:31 Gold Mining
24:27 Crossbowman
25:04 Bodkin Arrow
26:34 Squires
27:21 Champi Warrior
30:38 Chain Mail Armor
31:49 Forging
37:24 Wheelbarrow
37:35 Bow Saw
37:05 Horse Collar
37:17 Stone Mining
38:24 Hand Cart
42:16 Heavy Plow
42:53 Stone Shaft Mining
47:25 Imperial Age
SometimesUnlucky
7:27 Loom
15:38 Feudal Age
19:06 Gold Mining
19:07 Double-Bit Axe
22:21 Castle Age
21:14 Horse Collar
25:10 Gold Mining
26:18 Stone Mining
26:34 Heavy Plow
27:28 Wheelbarrow
27:17 Fletching
29:28 Fervor
31:45 Bodkin Arrow
31:51 Padded Archer Armor
32:45 Sanctity
33:48 Hand Cart
34:35 Bow Saw
36:00 Ballistics
38:42 Redemption
38:38 Devotion
41:56 Leather Archer Armor
43:18 Paiks
a.l.a.n.t
5:34 Loom
14:39 Feudal Age
16:31 Double-Bit Axe
19:10 Castle Age
17:20 Horse Collar
20:19 Bow Saw
28:04 Wheelbarrow
28:44 Scale Barding Armor
29:44 Husbandry
32:54 Hand Cart
33:14 Town Watch
37:21 Imperial Age
35:27 Chain Barding Armor
35:19 Bloodlines
35:21 Forging
35:39 Town Patrol
35:55 Gold Mining
38:06 Light Cavalry
38:30 Cavalier
39:51 Plate Barding Armor
40:41 Hussar
42:24 Chemistry
41:44 Ballistics
41:18 Fletching
42:04 Iron Casting
42:20 Caravan
43:14 Fortified Wall
44:17 Conscription
45:14 Guilds
jesusinatree
3:36 Loom
14:41 Feudal Age
15:29 Horse Collar
17:16 Scale Barding Armor
23:07 Castle Age
26:28 Wheelbarrow
26:06 Fletching
26:37 Chain Barding Armor
25:40 Light Cavalry
26:13 Double-Bit Axe
29:26 Bloodlines
29:43 Forging
29:30 Bodkin Arrow
32:00 Iron Casting
38:45 Imperial Age
37:22 Ballistics
37:54 Husbandry
37:59 Padded Archer Armor
39:17 Masonry
39:37 Capped Ram
45:01 Bracer
cardu
4:30 Loom
11:40 Feudal Age
13:00 Double-Bit Axe
13:19 Horse Collar
18:51 Town Watch
23:02 Castle Age
21:28 Fletching
25:30 Bow Saw
28:54 Fervor
32:00 Bodkin Arrow
36:01 Padded Archer Armor
Patt
3:56 Loom
13:59 Feudal Age
17:46 Castle Age
17:46 Double-Bit Axe
26:09 Town Watch
27:58 Husbandry
29:24 Wheelbarrow
29:46 Scale Barding Armor
29:51 Forging
33:33 Chain Barding Armor
39:29 Imperial Age
37:21 Hand Cart
38:22 Iron Casting
38:01 Padded Archer Armor
37:52 Fletching
37:48 Light Cavalry
39:02 Gold Mining
39:03 Stone Mining
39:42 Elite Skirmisher
40:40 Leather Archer Armor
40:21 Bodkin Arrow
41:02 Plate Barding Armor
41:42 Town Patrol
43:08 Blast Furnace
42:44 Gold Shaft Mining
42:13 Imperial Skirmisher
myckro
6:18 Loom
15:11 Feudal Age
19:04 Castle Age
19:59 Double-Bit Axe
24:02 Bloodlines
33:20 Imperial Age
34:28 Wheelbarrow
33:39 Town Watch
33:48 Fletching
34:08 Forging
35:31 Kamandaran
35:40 Crossbowman
38:13 Thumb Ring
38:02 Cavalier
39:41 Bow Saw
40:48 Pikeman
41:52 Bodkin Arrow
41:58 Padded Archer Armor
41:29 Halberdier
43:34 Two-Man Saw
44:36 Scale Mail Armor
44:52 Leather Archer Armor
45:13 Iron Casting
44:42 Squires
ToTheAnd
11:47 Loom
15:14 Feudal Age
18:57 Castle Age
17:06 Double-Bit Axe
19:15 Fletching
19:26 Padded Archer Armor
23:40 Elite Skirmisher
30:26 Bodkin Arrow
32:00 Horse Collar
39:25 Bow Saw
41:35 Wheelbarrow
41:11 Heavy Plow
42:07 Gold Mining
43:49 Hand Cart
Connection lost

Rejoining the realm…

Still unreachable

The connection could not be restored.

Session expired

The server has moved on; the page needs a fresh start.